 Dungeon Crawl Stone Soup version 0.26.1-11-gd32895ea62 (webtiles) character file.

Game seed: 8167587001720532237

42 bnorton916 the Shield-Bearer (level 3, -1/30 HPs)
             Began as a Formicid Fighter on June 26, 2021.
             Slain by Terence
             ... wielding a +6 vorpal hand axe
              (8 damage)
             ... on level 2 of the Dungeon.
             The game lasted 00:01:34 (850 turns).

bnorton916 the Shield-Bearer (Formicid Fighter)      Turns: 850, Time: 00:01:35

Health: -1/30      AC:  6    Str: 27    XL:     3   Next: 80%
Magic:  3/3        EV:  8    Int:  7    God:
Gold:   58         SH: 10    Dex: 10    Spells: 2/2 levels left

rFire    . . .     SeeInvis +   a - +0 war axe
rCold    . . .     Faith    .   c - +0 kite shield
rNeg     . . .     Spirit   .   b - +0 scale mail
rPois    .         Reflect  .   (helmet unavailable)
rElec    .         Harm     .   (no cloak)
rCorr    .         Rampage  .   (no gloves)
Will     .....                  (no boots)
Stlth    +.........             (no amulet)
HPRegen  0.10/turn              i - ring of stealth
MPRegen  0.08/turn              l - +6 ring of strength

@: no status effects
A: permanent stasis, dig shafts and tunnels, four strong arms, antennae 3
a: Dig, Shaft Self


You were on level 2 of the Dungeon.
You visited 1 branch of the dungeon, and saw 2 of its levels.

You collected 58 gold pieces.

Inventory:

Hand Weapons
 a - a +0 war axe (weapon)
Armour
 b - a +0 scale mail (worn)
 c - a +0 kite shield (worn)
 k - a +0 tower shield
Jewellery
 i - a ring of stealth (left hand)
 l - a +6 ring of strength (right hand)
Scrolls
 e - 4 scrolls of remove curse {unknown}
 f - a scroll of fog {unknown}
 m - a scroll of identify {unknown}
Potions
 d - a potion of might
 g - a potion of mutation {unknown}
 h - a potion of resistance {unknown}
 j - a potion of heal wounds {unknown}


   Skills:
 + Level 3.8 Fighting
 + Level 2.6 Axes
 + Level 3.6 Armour
 + Level 4.0 Shields


You had 2 spell levels left.
You didn't know any spells.
Your spell library was empty.

Dungeon Overview and Level Annotations

Branches:
Dungeon (2/15)

Altars:

Annotations:
D:2 Terence


Innate Abilities, Weirdness & Mutations

You cannot be hasted, slowed, berserked, paralysed or teleported.
You can dig through walls and to a lower floor.
Your four strong arms can wield two-handed weapons with a shield.
You have a pair of large antennae on your head. (SInv)


Message History

You see here a stone.
You dig through the rock wall.
Terence says, "Don't bother to defend, it's useless."
Terence hits you with a +6 vorpal hand axe.
You dig through the rock wall.
You block the goblin's attack.
You retract your mandibles.
Unknown command.
You extend your mandibles.
You dig through the rock wall.
You retract your mandibles.
Terence hits you with a +6 vorpal hand axe.
* * * LOW HITPOINT WARNING * * *
x2 The goblin completely misses you.
Unknown command.
You extend your mandibles.
You dig through the rock wall.
You dig through the rock wall.
The goblin hits you but does no damage.
You dig through the rock wall.
Terence hits you with a +6 vorpal hand axe!
You die...

### #@## ##@## ##g#.# #######
##.#.## #.....#
###########.#.#.# #.###.######
........##.#.#(####.#.<......#
..........###@## #..#.#.####.#
........(## ######..#.>.#..#.#
###.....# #................#


You could see Terence.

Vanquished Creatures
  An adder (D:2)
  A leopard gecko (D:1)
  A ball python (D:1)
  2 giant cockroaches
  5 goblins (D:1)
  5 hobgoblins
  A kobold (D:2)
  A quokka (D:2)
  4 bats (D:1)
  3 frilled lizards
  6 rats
30 creatures vanquished.

Notes
Turn   | Place    | Note
-------+----------+-------------------------------------------
     0 | D:1      | bnorton916 the Formicid Fighter began the quest for the
                  | Orb.
     0 | D:1      | Reached XP level 1. HP: 18/18 MP: 1/1
   158 | D:1      | Reached XP level 2. HP: 24/24 MP: 2/2
   531 | D:1      | Reached XP level 3. HP: 30/30 MP: 3/3
   700 | D:2      | Reached skill level 4 in Shields
   823 | D:2      | Noticed Terence
   850 | D:2      | Slain by Terence

Illustrated notes

Levels and vault maps discovered:
D:1:      tarquinn_simple_flora_water_d, layout_rooms, minmay_pentomino_s4
D:2:      layout_basic, uniq_terence

Skill      XL: |  1  2  3 |
---------------+----------+-----
Shields        | 4 |  4.0
Fighting       | |  3.8
Axes           | |  2.6
Armour         | |  3.6

Action                   || total
-------------------------++-------
Melee: War axe           ||    77
 Abil: Dig               ||     3
Armor: Scale mail        ||    42
Dodge: Dodged            ||    32
Block: Kite shield       ||    60
